 Dungeon Crawl Stone Soup version 0.29.1-12-g30fa7ad0bf (webtiles) character file.

Game seed: 8060230339435250595

55 hawla the Chiller (level 4, 0/33 HPs)
             Began as a Meteoran Ice Elementalist on Dec 26, 2022.
             Slain by Grinder (1 damage)
             ... on level 3 of the Dungeon.
             The game lasted 00:06:07 (835 turns).

hawla the Chiller (Meteoran Ice Elementalist)        Turns: 835, Time: 00:06:08

Health: 0/33       AC:  2    Str:  8 (9)  XL:     4   Next: 36%
Magic:  0/10       EV: 12    Int: 19 (20) God:
Gold:   60         SH:  0    Dex: 12 (15) Spells: 1/9 levels left

rFire   + . .      SeeInvis .   (no weapon)
rCold   . . .      Faith    .   (no shield)
rNeg    + . .      Spirit   .   a - +0 robe
rPois   .          Reflect  .   (no helmet)
rElec   +          Harm     .   (no cloak)
rCorr   +          Rampage  .   (no gloves)
Will    .....                   (no boots)
Stlth   +.........              (no amulet)
HPRegen 0.11/turn               c - ring "Ynneuse" {rElec rF+ rN+ rCorr Int+2}
MPRegen 0.12/turn               (no ring)

@: mighty, glowing
A: sense surroundings 1, otherworldly, glowing, explore regen
a: no special abilities


You were on level 3 of the Dungeon.
You visited 1 branch of the dungeon, and saw 4 of its levels.

You collected 60 gold pieces.

Inventory:

Armour
 a - a +0 robe (worn)
Jewellery
 b - a ring of poison resistance
 c - the ring "Ynneuse" (left hand) {rElec rF+ rN+ rCorr Int+2}
   (You acquired it on level 2 of the Dungeon)

   [ring of resist corrosion]

   Int:       It affects your intelligence (+2).
   rF:        It protects you from fire.
   rElec:     It insulates you from electricity.
   rN:        It protects you from negative energy.
   rCorr:     It protects you from acid and corrosion.
Scrolls
 d - a scroll of fear {unknown}
 e - a scroll of fog {unknown}
 g - a scroll of acquirement
 h - a scroll of blinking {unknown}
 i - a scroll of identify {unknown}


   Skills:
 - Level 2.4 Dodging
 - Level 1.4 Stealth
 - Level 3.3 Spellcasting
 + Level 1.3 Conjurations
 - Level 5.4 Ice Magic


You had one spell level left.
You knew the following spells:

 Your Spells              Type           Power      Damage    Failure   Level
a - Freeze                Ice            92%        1d10      1%          1
b - Frozen Ramparts       Ice            46%        1d7       4%          3
c - Hailstorm             Conj/Ice       16%        3d6       36%         4

Your spell library contained the following spells:

 Spells                   Type           Power      Damage    Failure   Level
 Ozocubu's Armour         Ice            23%        N/A       4%          3


Dungeon Overview and Level Annotations

Branches:
Dungeon (4/15) Zot: 1565
 Temple: D:4-7

Altars:

Annotations:
D:3 Grinder


Innate Abilities, Weirdness & Mutations

You passively map a small area around you.
You are easily found by Zot.
You glow in the dark.
You regain HP and MP as you explore.


Message History

Grinder completely misses you.
You hit Grinder but do no damage.
Grinder is moderately wounded.
Grinder misses you.
You hit Grinder but do no damage.
Grinder is moderately wounded.
Grinder completely misses you.
You hit Grinder but do no damage.
Grinder is moderately wounded.
Grinder hits you.
You writhe in agony.
You hit Grinder but do no damage.
Grinder is moderately wounded.
Grinder hits you but does no damage.
You hit Grinder but do no damage.
Grinder is moderately wounded.
Grinder hits you!
* * * LOW HITPOINT WARNING * * *
You writhe in agony.
* * * LOW HITPOINT WARNING * * *
Casting: Freeze (safe; 1% risk of failure)
Confirm with . or Enter, or press ? or * to list all spells.
Aiming: Freeze (safe; 1% risk of failure)
Press: ? - help, Shift-Dir - straight line, f/p - Grinder
Aim: Grinder (moderately wounded)
You freeze Grinder.
Grinder resists.
Grinder is moderately wounded.
Grinder closely misses you.
Unknown command.
You feel very mighty all of a sudden. Grinder closely misses you.
You hit Grinder.
Grinder is heavily wounded.
Grinder gestures at you.
You struggle to resist.
You closely miss Grinder.
Grinder is heavily wounded.
Grinder hits you.
* * * LOW HITPOINT WARNING * * *
You writhe in agony.
You die...

†....#.#.# #...♣♣P♣.#...#..#
###.##...# #....♣♣P.#####..#
#.÷..### #.##..♣♣P.♣=♣...#
######.### #.###..♣♣♣♣♣♣.###
..[..#...### #.# ##........#
.###.###...####.###....######
...#....##......#....###
#.....#.##..###5..##.#
##...##.##..# #.@###.##
#######....## ##.#....# ###
###### #†#.#..# ..# #.#.#####
#.###### #)#.....# #......#
#.#####.# ######.####
#.......# #.##.# ###########
#....####..<...#


You could see Grinder.

Vanquished Creatures
  2 adders (D:3)
  A worm (D:3)
  5 ball pythons
  An endoplasm (D:3)
  2 goblins (D:3)
  2 hobgoblins (D:3)
  3 jackals (D:4)
  2 kobolds
  4 quokkas (D:3)
  5 bats
  3 frilled lizards
  3 rats (D:3)
33 creatures vanquished.

Vanquished Creatures (others)
  4 plants (D:3)
4 creatures vanquished.

Grand Total: 37 creatures vanquished

Notes
Turn   | Place    | Note
-------+----------+-------------------------------------------
     0 | D:1      | hawla the Meteoran Ice Elementalist began the quest for the
                  | Orb.
     0 | D:1      | Reached XP level 1. HP: 14/14 MP: 5/5
    94 | D:2      | Identified a scroll of acquirement
    94 | D:2      | Acquired the ring "Ynneuse" {rElec rF+ rN+ rCorr Int+2}
   136 | D:2      | Reached XP level 2. HP: 19/20 MP: 3/6
   201 | D:3      | Reached skill level 5 in Ice Magic
   278 | D:3      | Reached XP level 3. HP: 26/26 MP: 6/8
   282 | D:3      | Learned a level 3 spell: Frozen Ramparts
   385 | D:3      | Noticed Grinder
   389 | D:3      | Reached XP level 4. HP: 32/33 MP: 0/10
   430 | D:4      | Learned a level 4 spell: Hailstorm
   638 | D:3      | Reached skill level 1 in Conjurations
   740 | D:3      | Found a faded altar of an unknown god.
   835 | D:3      | HP: 1/33 [Grinder (4)]
   835 | D:3      | Slain by Grinder

Illustrated notes

Levels and vault maps discovered:
D:1:      psy_arrival_fountain, layout_loops_corners, amcnicky_mini_pool_small,
          minmay_fountain_box
D:2:      layout_loops_cross
D:3:      layout_basic, dilly_ecumenical_altar_fadedgnrine, minmay_unequal,
          uniq_grinder
D:4:      layout_gridville

Skill      XL: |  1  2  3  4 |
---------------+-------------+-----
Ice Magic      | 5 |  5.4
Spellcasting   | 3 |  3.3
Conjurations   | 1 |  1.3
Dodging        | |  2.4
Stealth        | |  1.4

Action                   |  1- 3 |  4- 6 || total
-------------------------+-------+-------++-------
Melee: Unarmed           |     4 |    17 ||    21
 Cast: Freeze            |    25 |     8 ||    33
       Frozen Ramparts   |     3 |    10 ||    13
       Hailstorm         |       |     2 ||     2
  Use: Scroll            |     1 |       ||     1
       Potion            |       |     4 ||     4
Armor: Robe              |     9 |     1 ||    10
Dodge: Dodged            |    11 |    13 ||    24
